 Dungeon Crawl Stone Soup version 0.18.1-48-g4cf74bf (webtiles) character file.

95 rlgrobin the Ruffian (level 4, 0/37 HPs)
             Began as a Formicid Monk on Sept 7, 2016.
             Succumbed to a worker ant's poison
             ... on level 2 of the Dungeon.
             The game lasted 00:04:30 (1498 turns).

rlgrobin the Ruffian (Formicid Monk)                Turns: 1498, Time: 00:04:31

Health: 0/37       AC:  7    Str: 16    XL:     4   Next: 95%
Magic:  4/4        EV: 10    Int: 10    God:
Gold:   27         SH:  0    Dex: 13    Spells: 0 memorised, 3 levels left

rFire  . . .     SeeInvis +       - Unarmed
rCold  . . .     Gourm    .     e - +1 scale mail
rNeg   . . .     Faith    .     (no shield)
rPois  .         Spirit   .     (helmet unavailable)
rElec  .         Dismiss  .     (no cloak)
rCorr  .         Reflect  .     (no gloves)
SustAt .         Harm     .     (no boots)
MR     .....                    p - amulet of inaccuracy (curse)
Stlth  +.........               (no ring)
                                (no ring)

@: lethally poisoned (0 -> -6), not resistant to hostile enchantments, very
unstealthy
A: permanent stasis, dig shafts and tunnels, four strong arms, antennae 3
a: Dig, Shaft Self


You were on level 2 of the Dungeon.
You were not hungry.

You visited 1 branch of the dungeon, and saw 3 of its levels.

You collected 27 gold pieces.


Innate Abilities, Weirdness & Mutations

You are under a permanent stasis effect.
You can dig through walls and to a lower floor.
Your four strong arms can wield two-handed weapons with a shield.
You have a pair of large antennae on your head (SInv).


   Skills:
 + Level 4.2 Fighting
 + Level 0.8 Polearms
 + Level 1.2 Armour
 + Level 3.1 Dodging
 - Level 2.4 Stealth
 + Level 4.6 Unarmed Combat


You had 3 spell levels left.
You didn't know any spells.

Inventory:

Hand Weapons
 b - a +0 trident
 d - a +0 dagger
 k - a +0 short sword
Missiles
 j - 17 stones (quivered)
 l - 2 throwing nets {=f}
 m - 19 bolts
Armour
 a - a +0 robe
 e - a +1 scale mail (worn)
Jewellery
 p - a cursed amulet of inaccuracy (around neck)
Scrolls
 f - a scroll of identify {@r1}
Comestibles
 c - 4 chunks of flesh
 g - 2 meat rations
 i - 2 bread rations

Dungeon Overview and Level Annotations

Branches:
Dungeon (3/15)

Altars:
Vehumet

▒▒▒▒▒▒.........▒▒▒▒'▒+▒......+.▒▒
▒.........▒ ▒.▒.)).....▒.▒▒
▒.........▒ ▒.▒............
▒▒...▒▒▒▒▒▒ ▒.▒....▒+▒▒▒▒.▒
▒▒▒▒▒▒▒...▒ ▒.▒.▒..▒.......
▒....<....▒ ▒.▒....▒.▒▒▒▒▒▒
▒.........▒ ▒.▒▒▒▒.▒.▒
▒.........▒▒▒▒▒▒▒▒▒.▒▒▒▒'▒.▒
▒...............a..........▒
▒.....!.▒▒▒▒▒▒▒▒▒▒▒▒.......▒
▒.......▒ ▒..)..††▒ ▒.......▒
▒......>▒ ▒.......▒ ▒.....÷▒▒
▒.......▒ ▒......▒ ▒▒▒▒▒▒▒▒▒
▒......▒ ▒▒▒▒▒▒▒▒


There were no monsters in sight!


Message History

You kill the worker ant!
Your Armour skill increases to level 1!
* * * LOW HITPOINT WARNING * * *
You feel sick.
No target in view!
No target in view!
You aren't carrying any potions.
Read which item? (? for menu, Esc to quit)
As you read the scroll labeled QYSMOE XANLICY, it crumbles to dust.
The air around you briefly surges with heat, but it dissipates.
It was a scroll of immolation.
* * * LOW HITPOINT WARNING * * *
You feel sick.
* * * LOW HITPOINT WARNING * * *
You feel sick.
You see here a jackal skeleton.
* * * LOW HITPOINT WARNING * * *
You feel sick.
* * * LOW HITPOINT WARNING * * *
You feel sick.
* * * LOW HITPOINT WARNING * * *
You feel sick.
You see here a whip.
* * * LOW HITPOINT WARNING * * *
You feel sick.
* * * LOW HITPOINT WARNING * * *
You feel sick.
* * * LOW HITPOINT WARNING * * *
You feel sick.
You die...

Action                   |  1- 3 |  4- 6 || total
-------------------------+-------+-------++-------
Melee: Unarmed           |   126 |    47 ||   173
       Punch             |     3 |       ||     3
       Trident           |    27 |       ||    27
 Abil: Dig               |     3 |       ||     3
  Use: Scroll            |     5 |     1 ||     6
       Potion            |     1 |       ||     1
  Eat: Chunk             |     1 |     1 ||     2
Armor: Robe              |    18 |       ||    18
       Scale mail        |    42 |    18 ||    60
Dodge: Dodged            |    74 |    33 ||   107

Vault maps used:
D:1:      scummos_arrival_simple_fountains, minmay_misc_feat_alley
D:2:      lemuel_crystal_altar, minmay_misc_feat_square
D:3:      ecumenical_altar_2, first_bread, nicolae_ru_awakened_eye

Notes
Turn   | Place    | Note
--------------------------------------------------------------
     0 | D:1      | rlgrobin the Formicid Monk began the quest for the Orb.
     0 | D:1      | Reached XP level 1. HP: 18/18 MP: 1/1
   206 | D:1      | Reached XP level 2. HP: 21/24 MP: 2/2
   589 | D:2      | Reached XP level 3. HP: 30/30 MP: 3/3
   753 | D:2      | Reached skill level 4 in Fighting
  1049 | D:2      | Found a radiant altar of Vehumet.
  1070 | D:2      | Reached XP level 4. HP: 35/37 MP: 4/4
  1466 | D:2      | Reached skill level 3 in Dodging
  1487 | D:2      | Reached skill level 1 in Armour
  1492 | D:2      | HP: 3/37 [poisoned by a worker ant]
  1496 | D:2      | HP: 1/37 [poisoned by a worker ant]
  1498 | D:2      | Succumbed to a worker ant's poison

Vanquished Creatures
  A worker ant (D:2)
  3 adders (D:2)
  2 worms (D:2)
  A dart slug (D:1)
  2 giant geckos (D:2)
  5 bats (D:1)
  A giant cockroach (D:1)
  3 hobgoblins (D:2)
  3 jackals
  A quokka (D:2)
  5 goblins
  5 kobolds (D:2)
  3 rats
35 creatures vanquished.
